General information
- name: BNet
- type: Ladder 1vs1/FFA
- host: Battle.net
- saver: ROTS19
map: GnollWood
- players: 2
- length: 25:42
- speed: Fast
- version: 1.26 W3XP
- replay type: Public
» download(80 KB)
Players
team 1 (loser)
Some_Devil00 (
teal | 64 APM | 1634 actions | 25:41)
3 Blademaster
1 Wind Walk
2 Mirror Image
» actions
| Assign group hotkey | 39 | |
| Basic commands | 3 | |
| Build / train | 45 | |
| Enter build submenu | 32 | |
| Enter hero's abilities submenu | 3 | |
| Remove unit from queue | 1 | |
| Right click | 469 | |
| Select / deselect | 527 | |
| Select group hotkey | 435 | |
| Use ability | 80 | |
1634 total
» units
| Peon | 15 | |
| Grunt | 10 | |
| Troll Headhunter/Berserker | 8 | |
| Demolisher | 2 | |
| Kodo Beast | 1 | |
36 total
» upgrades
| Melee Weapons | 1 | |
| Witch Doctor Training | 1 | |
2 total
» buildings
| Altar of Storms | 1 | |
| Orc Burrow | 7 | |
| Barracks | 2 | |
| War Mill | 1 | |
| Stronghold | 1 | |
| Spirit Lodge | 1 | |
| Beastiary | 1 | |
| Great Hall | 1 | |
| Watch Tower | 13 | |
| Fortress | 1 | |
| Voodoo Lounge | 1 | |
30 total
» build order
00:17 Altar of Storms
00:22 Orc Burrow
00:50 Barracks
02:17 Orc Burrow
03:21 War Mill
04:33 Orc Burrow
05:12 Stronghold
05:36 Barracks
06:44 Orc Burrow
08:12 Orc Burrow
08:19 Spirit Lodge
08:30 Beastiary
11:10 Orc Burrow
17:18 Great Hall
17:26 Watch Tower
19:12 Fortress
19:21 Watch Tower
19:45 Voodoo Lounge
20:28 Watch Tower
20:47 Watch Tower
22:33 Watch Tower
22:36 Watch Tower
22:41 Watch Tower
22:54 Watch Tower
22:59 Watch Tower
23:58 Watch Tower
24:05 Watch Tower
24:21 Watch Tower
24:37 Watch Tower
24:49 Orc Burrow
team 2 (winner)

»
ROTS19 (
red | 81 APM | 2077 actions | 25:42)
5 Mountain King
3 Storm Bolt
2 Thunder Clap
4 Blood Mage
2 Flame Strike
2 Banish
1 Paladin
1 Holy Light
» actions
| Assign group hotkey | 85 | |
| Basic commands | 99 | |
| Build / train | 77 | |
| ESC pressed | 1 | |
| Enter build submenu | 27 | |
| Enter hero's abilities submenu | 10 | |
| Right click | 699 | |
| Select / deselect | 558 | |
| Select group hotkey | 447 | |
| Use ability | 74 | |
2077 total
» units
| Peasant | 8 | |
| Footman | 4 | |
| Rifleman | 9 | |
| Sorceress | 6 | |
| Priest | 3 | |
| Gryphon Rider | 6 | |
36 total
» upgrades
| Masonry | 2 | |
| Gunpowder | 2 | |
| Long Rifles | 1 | |
| Magic Sentry | 1 | |
| Sorceress Training | 2 | |
| Armor | 2 | |
| Swords | 3 | |
| Animal War Training | 1 | |
| Storm Hammers | 1 | |
| Priest Training | 1 | |
16 total
» buildings
| Altar of Kings | 1 | |
| Barracks | 1 | |
| Farm | 9 | |
| Arcane Vault | 3 | |
| Scout Tower | 4 | |
| Lumber Mill | 1 | |
| Arcane Tower | 1 | |
| Guard Tower | 3 | |
| Blacksmith | 1 | |
| Keep | 1 | |
| Arcane Sanctum | 3 | |
| Castle | 1 | |
| Gryphon Aviary | 1 | |
| Town Hall | 1 | |
31 total
» build order
00:05 Altar of Kings
00:10 Barracks
00:14 Farm
01:04 Farm
02:05 Farm
02:27 Arcane Vault
02:55 Scout Tower
03:18 Lumber Mill
03:23 Arcane Tower
03:32 Farm
04:01 Scout Tower
04:29 Guard Tower
04:34 Blacksmith
05:22 Keep
05:40 Farm
05:42 Farm
07:22 Scout Tower
07:59 Guard Tower
08:07 Arcane Sanctum
08:13 Arcane Sanctum
08:17 Arcane Sanctum
14:22 Scout Tower
14:43 Guard Tower
15:18 Arcane Vault
15:40 Castle
16:19 Gryphon Aviary
18:12 Farm
18:39 Arcane Vault
22:32 Farm
22:57 Town Hall
24:46 Farm
» items
| Potion of Healing | 2 | |
| Lesser Clarity Potion | 2 | |
| Scroll of Regeneration | 1 | |
| Dust of Appearance | 1 | |
6 total
Chat log
(25:37 / All) Some_Devil00: gg
(25:39 / All) ROTS19: gg